 Dungeon Crawl Stone Soup version 0.22-a0-785-g6253c82ace (webtiles) character file.

303 ZeKoppf the Firebug (level 6, -3/28 HPs)
             Began as a Gargoyle Fire Elementalist on July 20, 2018.
             Was a Follower of Hepliaklqana.
             Killed by divine providence
             ... invoked by an orc priest
              (11 damage)
             ... on level 4 of the Dungeon.
             The game lasted 00:28:58 (3944 turns).

ZeKoppf the Firebug (Gargoyle Fire Elementalist)    Turns: 3944, Time: 00:28:59

Health: -3/28      AC:  8    Str: 11    XL:     6   Next: 38%
Magic:  0/11       EV: 11    Int: 18    God:    Hepliaklqana [*.....]
Gold:   235        SH:  0    Dex: 10    Spells: 6/12 levels left

rFire    . . .     SeeInvis .   a - +0 whip
rCold    . . .     Gourm    +   (no shield)
rNeg     + . .     Faith    .   b - +0 leather armour
rPois    ∞         Spirit   .   q - +0 helmet
rElec    +         Reflect  .   (no cloak)
rCorr    .         Harm     .   (no gloves)
MR       .....                  (no boots)
Stlth    ++........             l - amulet of the gourmand
HPRegen  0.09/turn              (no ring)
MPRegen  0.12/turn              (no ring)

@: no status effects
A: reduced essence, negative energy resistance 1, electricity resistance,
unbreathing, petrification resistance, rot immunity, AC +4
a: Recall Ancestor, Ancestor Identity, Renounce Religion


You were on level 4 of the Dungeon.
You worshipped Hepliaklqana.
Hepliaklqana was aware of your devotion.
You were full.

You visited 2 branches of the dungeon, and saw 5 of its levels.

You collected 235 gold pieces.

Inventory:

Hand Weapons
 a - a +0 whip (weapon)
Missiles
 o - 130 stones (quivered)
Armour
 b - a +0 leather armour (worn)
 d - a +0 chain mail
 q - a +0 helmet (worn)
Jewellery
 l - an amulet of the gourmand (around neck)
Scrolls
 g - 2 scrolls of teleportation {unknown}
 h - 2 scrolls of amnesia {unknown}
 m - a scroll of fear {unknown}
 p - a scroll of blinking {unknown}
 s - 2 scrolls of remove curse {unknown}
 u - 3 scrolls of identify
Potions
 e - a potion of mutation
 f - a potion of cancellation
 i - a potion of lignification
 j - a potion of curing {unknown}
 k - a potion of agility {unknown}
 n - 2 potions of brilliance {unknown}
 r - 2 potions of heal wounds
 t - a potion of resistance {unknown}
Comestibles
 c - 10 rations


   Skills:
 - Level 1.5 Dodging
 - Level 3.0 Stealth
 * Level 3.7 Spellcasting
 * Level 3.7 Conjurations
 * Level 4.5 Fire Magic


You had 6 spell levels left.
You knew the following spells:

 Your Spells              Type           Power        Failure   Level  Hunger
a - Flame Tongue          Conj/Fire      ###..        3%          1    None
b - Throw Flame           Conj/Fire      ###...       5%          2    ##.....
c - Conjure Flame         Conj/Fire      ###.....     11%         3    ###....

Your spell library contained the following spells:

 Spells                   Type           Power        Failure   Level  Hunger
 Fireball                 Conj/Fire      ###.......   69%         5    ######.
 Sticky Flame             Conj/Fire      ###.....     34%         4    ####...
 Inner Flame              Hex/Fire       ##......     24%         3    ###....


Dungeon Overview and Level Annotations

Branches:
Dungeon (4/15)             Temple (1/1) D:4

Altars:
Ashenzari
Cheibriados
Dithmenos
Fedhas
Hepliaklqana
Kikubaaqudgha
Nemelex Xobeh
Ru
Sif Muna
Vehumet
Wu Jian
Xom
Zin
The Shining One

Annotations:
D:2 Sigmund
D:4 3 runed doors, Duvessa; shruggingcutely's ghost, amateur DrTm


Innate Abilities, Weirdness & Mutations

You are resistant to torment.
Your stone body is resilient. (AC +4)
You are immune to poison.
You resist negative energy. (rN+)
You are resistant to electric shocks. (rElec)
You can survive without breathing.
You are immune to petrification.
You are immune to rotting.
Your life essence is reduced to manifest your ancestor. (-10% HP)


Message History

The orc priest hits you with a trident.
You hit the orc priest but do no damage.
The orc priest is severely wounded.
The orc priest hits you with a trident.
You hit the orc priest.
The orc priest is severely wounded.
The orc priest begins to cast a cantrip, but forgets the words!
Casting: Flame Tongue (safe; 3% risk of failure)
Confirm with . or Enter, or press ? or * to list all spells.
Aiming: Flame Tongue (safe; 3% risk of failure)
Press: ? - help, Shift-Dir - straight line, f/p - orc priest
Aim: an orc priest, wielding a trident and wearing a ring mail (severely wounded)
The flame tongue misses the orc priest.
The orc priest hits you but does no damage.
The orc priest calls down the wrath of Beogh upon you.
Pain shoots through your body!
* * * LOW HITPOINT WARNING * * *
The orc priest mumbles some strange prayers to Beogh against you.
Beogh smites you!
You die...

.# ##......<.#...# ##..# .#
#........#...# #..## ### .##
#........#...# #..#####..
..# ##.......#...#
###..##..... ..#
#####...##'######...........
..# ######_###....##......##
).# ####...#####...### ..#
#######..#### #..## # ..#
####......@## ##..#### ..#
###...>.....).## ##......
.## #..............#
##.......
..###..........o...#
##........
#.##...............#
#.........
#..................#
#........#
#................).#
#.......##
..###..............#
#........# #)#
##.............# ##.......#


You could see an orc priest.

Vanquished Creatures
  A hound (D:4)
  An orc wizard (D:4)
  Natasha (twice) (D:4)
  2 worker ants
  An adder (D:2)
  An adder skeleton (D:4)
  2 worms
  A dart slug (D:2)
  A leopard gecko (D:1)
  5 orcs
  4 giant cockroaches
  6 goblins
  3 hobgoblins (D:1)
  A jackal (D:4)
  8 kobolds
  2 ball pythons
  A ball python skeleton (D:4)
  4 bats
  4 frilled lizards
  6 rats
56 creatures vanquished.

Vanquished Creatures (collateral kills)
  A centaur skeleton (D:4)
  An iguana (D:4)
  Natasha (D:4)
3 creatures vanquished.

Vanquished Creatures (others)
  An ancestor (D:4)
  A jackal (D:4)
2 creatures vanquished.

Grand Total: 61 creatures vanquished

Notes
Turn   | Place    | Note
-------+----------+-------------------------------------------
     0 | D:1      | ZeKoppf the Gargoyle Fire Elementalist began the quest for the Orb.
     0 | D:1      | Reached XP level 1. HP: 10/10 MP: 3/3
   231 | D:1      | Reached XP level 2. HP: 15/15 MP: 1/5
  1067 | D:2      | Reached XP level 3. HP: 19/19 MP: 0/6
  1193 | D:2      | Found a snail-covered altar of Cheibriados.
  1211 | D:2      | Learned a level 2 spell: Throw Flame
  1215 | D:2      | Learned a level 3 spell: Conjure Flame
  1582 | D:2      | Noticed Sigmund
  2052 | D:3      | Reached XP level 4. HP: 19/24 MP: 1/8
  2239 | D:3      | Found a glowing silver altar of Zin.
  2239 | D:3      | Found a hazy altar of Hepliaklqana.
  2303 | D:3      | Became a worshipper of Hepliaklqana the Forgotten
  2678 | D:4      | Noticed Natasha
  2681 | D:4      | Killed Natasha
  2681 | D:4      | Noticed Natasha
  2692 | D:4      | Killed Natasha
  2692 | D:4      | Reached XP level 5. HP: 18/25 MP: 1/9
  2803 | D:4      | Reached skill level 4 in Fire Magic
  2855 | D:4      | Noticed Natasha
  2858 | D:4      | Killed Natasha
  3042 | D:4      | Found a runed gate.
  3042 | D:4      | Found a runed gate.
  3042 | D:4      | Found a runed gate.
  3042 | D:4      | Noticed shruggingcutely's ghost (amateur DrTm)
  3069 | D:4      | Found a staircase to the Ecumenical Temple.
  3239 | D:4      | Found an ornate altar of the Wu Jian Council.
  3252 | D:4      | Reached XP level 6. HP: 28/28 MP: 5/11
  3262 | D:4      | Found a radiant altar of Vehumet.
  3272 | D:4      | Noticed Duvessa
  3526 | D:4      | Found a deep blue altar of Sif Muna.
  3638 | Temple   | Entered the Ecumenical Temple
  3638 | Temple   | Reached * piety under Hepliaklqana
  3944 | D:4      | Killed from afar by an orc priest

Vault maps used:
D:1:      mrwooster_arrival_arrow
D:2:      kennysheep_slug_shrine, uniq_sigmund
D:3:      gammafunk_temple_overflow_elements, nrook_mini_vaults
D:4:      fiery_altar_vehumet, lemuel_doored_altar,
          minmay_temple_entry_purple_smoke, ebering_ghost_rock_garden,
          first_ration, lemuel_blue_sif_altar, uniq_duvessa, uniq_natasha
Temple:   compressed_dpeg_triangle_lava_temple

Skill      XL: |  1  2  3  4  5 |
---------------+----------------+-----
Conjurations   | 2 3 |  3.7
Spellcasting   | 3 |  3.7
Stealth        | 3 |  3.0
Fire Magic     | 4 |  4.5
Dodging        | |  1.5

Action                   |  1- 3 |  4- 6 || total
-------------------------+-------+-------++-------
Melee: Unarmed           |     9 |       ||     9
       Whip              |     8 |    22 ||    30
 Cast: Flame Tongue      |    63 |    25 ||    88
       Throw Flame       |       |    30 ||    30
Invok: Ancestor Identity |       |     1 ||     1
  Use: Scroll            |       |     5 ||     5
 Stab: Distracted        |       |     3 ||     3
  Eat: Chunk             |     4 |    14 ||    18
Armor: Robe              |     6 |       ||     6
       Leather armour    |     7 |     5 ||    12
Dodge: Dodged            |    25 |    13 ||    38

Table legend:
 A = Spawn XP
 B = Non-spawn XP
 C = Spawn XP percentage of total XP
 D = Spawn monster count
 E = Non-spawn monster count
 F = Spawn count percentage of total count
 G = Total turns spent on level
                    A         B        C        D         E        F      G
               +---------+---------+-------+---------+---------+-------+---------
         Total |       0 |     434 |   0.0 |       0 |      59 |   0.0 |  3944
               +---------+---------+-------+---------+---------+-------+---------
           D:1 |       0 |      24 |   0.0 |       0 |      14 |   0.0 |   930
           D:2 |       0 |      41 |   0.0 |       0 |      16 |   0.0 |   980
           D:3 |       0 |      54 |   0.0 |       0 |      13 |   0.0 |   764
           D:4 |       0 |     315 |   0.0 |       0 |      16 |   0.0 |  1042
               +---------+---------+-------+---------+---------+-------+---------
